 Dungeon Crawl Stone Soup version 0.26.1-11-gd32895ea62 (webtiles) character file.

Game seed: 4929735227990862522

142 Patoropollo the Shield-Bearer (level 5, -2/47 HPs)
             Began as a Minotaur Fighter on May 31, 2021.
             Slain by Sigmund
             ... wielding a +0 scythe
              (6 damage)
             ... on level 3 of the Dungeon.
             The game lasted 00:07:19 (2737 turns).

Patoropollo the Shield-Bearer (Minotaur Fighter)    Turns: 2737, Time: 00:07:20

Health: -2/47      AC: 10    Str: 21    XL:     5   Next: 4%
Magic:  4/4        EV:  7    Int:  5    God:
Gold:   123        SH:  9    Dex: 10    Spells: 4/4 levels left

rFire    . . .     SeeInvis .   a - +0 flail
rCold    . . .     Faith    .   c - +0 kite shield
rNeg     . . .     Spirit   .   b - +0 scale mail
rPois    .         Reflect  .   (helmet restricted)
rElec    .         Harm     .   (no cloak)
rCorr    .         Rampage  .   p - +2 pair of gloves (curse)
Will     .....                  (no boots)
Stlth    ..........             (no amulet)
HPRegen  0.15/turn              (no ring)
MPRegen  0.09/turn              (no ring)

@: no status effects
A: retaliatory headbutt, horns 2
a: no special abilities


You were on level 3 of the Dungeon.
You visited 1 branch of the dungeon, and saw 4 of its levels.

You collected 123 gold pieces.

Inventory:

Hand Weapons
 a - a +0 flail (weapon)
Armour
 b - a +0 scale mail (worn)
 c - a +0 kite shield (worn)
 p - a cursed +2 pair of gloves (worn)
Jewellery
 g - an uncursed ring of resist corrosion {unknown}
 q - an uncursed ring of protection from fire {unknown}
Wands
 n - a wand of acid (11)
Scrolls
 e - 7 scrolls of identify
 h - 3 scrolls of teleportation
 i - a scroll of fear
 o - 2 scrolls of enchant armour
 r - a scroll of remove curse {unknown}
Potions
 d - a potion of might
 f - 2 potions of curing
 j - 2 potions of flight
 k - a potion of degeneration {unknown}
 l - a potion of haste
 m - a potion of lignification


   Skills:
 + Level 4.6 Fighting
 + Level 3.8 Maces & Flails
 + Level 4.6 Armour
 + Level 4.7 Shields


You had 4 spell levels left.
You didn't know any spells.
Your spell library was empty.

Dungeon Overview and Level Annotations

Branches:
Dungeon (4/15)
 Temple: D:4-7

Altars:

Annotations:
D:3 Sigmund


Innate Abilities, Weirdness & Mutations

You reflexively headbutt those who attack you in melee.
You have a pair of horns on your head.


Message History

You closely miss something. Something completely misses you.
You barely miss something. Something hits you but does no damage.
You miss something. Something hits you!
You closely miss something. You headbutt something! Something hits you.
You barely miss something. You closely miss something.
You block something's attack.
You closely miss something. Something hits you but does no damage.
You barely miss something. Something hits you but does no damage.
You miss something. Your headbutt misses something.
You hear some strange, mumbled words.
A magic dart appears from out of thin air!
The magic dart hits you!
* * * LOW HITPOINT WARNING * * *
You closely miss something. You headbutt something.
You hear some strange, mumbled words.
A magic dart appears from out of thin air!
The magic dart hits you.
* * * LOW HITPOINT WARNING * * *
You closely miss something. Something hits you.
You die...

##### ##### #### #...# #.<.#
#... #...#######...#
#######... #...#.........#
#..(......
#...#........†####.........
#............#.............
#..........{...............
##.......>.@................
#...........................
#...............####....#...
#...............# #....###.
#...............####.[.....#
#..........................)
#.........#......###.......#
#..........(.........###...#
#####................###...#


There were no monsters in sight!

Vanquished Creatures
  5 adders
  3 gnolls (D:2)
  A worm (D:3)
  An orc (D:3)
  5 giant cockroaches
  13 goblins
  6 hobgoblins
  4 jackals (D:3)
  A quokka (D:2)
  5 bats
  5 frilled lizards
  7 kobolds
  11 rats
67 creatures vanquished.

Notes
Turn   | Place    | Note
-------+----------+-------------------------------------------
     0 | D:1      | Patoropollo the Minotaur Fighter began the quest for the
                  | Orb.
     0 | D:1      | Reached XP level 1. HP: 19/19 MP: 0/0
   169 | D:1      | Reached XP level 2. HP: 27/27 MP: 1/1
   794 | D:2      | Reached XP level 3. HP: 17/33 MP: 2/2
  1201 | D:2      | Found a faded altar of an unknown god.
  1363 | D:2      | Reached XP level 4. HP: 40/40 MP: 3/3
  2693 | D:4      | Noticed Sigmund
  2708 | D:3      | Reached XP level 5. HP: 38/47 MP: 4/4
  2737 | D:3      | Slain by Sigmund

Illustrated notes

Levels and vault maps discovered:
D:1:      evilmike_arrival_hilbert_curve, layout_basic, minmay_tromino_i4
D:2:      layout_basic, chequers_ecumenical_altar_grove,
          corexii_item_surrounded_by_moat, minivault_5
D:3:      layout_basic
D:4:      layout_loops_cross, kennysheep_doodads, grunt_ministairs_12,
          uniq_eustachio, uniq_sigmund, uniq_blork_the_orc

Skill      XL: |  1  2 |
---------------+-------+-----
Armour         | 4 |  4.6
Shields        | 4 |  4.7
Fighting       | 4 |  4.6
Maces & Flails | 3 |  3.8

Action                   |  1- 3 |  4- 6 || total
-------------------------+-------+-------++-------
Melee: Flail             |    72 |   113 ||   185
       Headbutt          |     7 |    10 ||    17
  Use: Scroll            |       |    10 ||    10
Armor: Scale mail        |    19 |    67 ||    86
Dodge: Dodged            |    21 |    43 ||    64
Block: Kite shield       |    27 |    61 ||    88
